AoeStats
← Tenamaxtli

Arena

509490121Analyzed
3v3 RM · 4d ago on Sep 27, 2026· 45m 56s· 6 players
Game mode
Random Map
Map size
Normal (6 player)
Population
200
Speed
Normal
Resources
Standard
Victory
Conquest
Starting age
Dark Age
Ending age
Imperial Age
RankedLock teamsTeams togetherTeam positionsShared explorationLock speedFull tech treeHidden civsTurbo modeCheats
Victory
Defeat
🇨🇭 Franks · Switzerland
1071
+17
🇦🇷 Varangians · Argentina
1032
+18
🇦🇷 Mongols · Argentina
1008
+19
🇲🇽 Danes · Mexico
1238
-24
🇲🇽 Khmer · Mexico
1079
-18
🇲🇽 Byzantines · Mexico
934
-12
HarryBo
9:41 Feudal Age
11:20 Loom
14:25 Castle Age
13:31 Double-Bit Axe
14:49 Wheelbarrow
18:04 Bow Saw
22:17 Gold Mining
25:12 Hand Cart
30:43 Imperial Age
29:02 Scale Barding Armor
29:09 Forging
31:48 Scale Mail Armor
32:23 Conscription
32:34 Ordonnance Companies
33:58 Gold Shaft Mining
33:18 Stone Mining
33:41 Elite Throwing Axeman
36:01 Chain Mail Armor
36:24 Iron Casting
35:54 Squires
39:37 Plate Mail Armor
41:15 Chivalry
41:25 Husbandry
40:46 Cavalier
FireNova
10:19 Feudal Age
14:03 Castle Age
12:15 Double-Bit Axe
13:00 Horse Collar
15:58 Bow Saw
16:25 Heavy Plow
21:05 Fletching
21:03 Loom
23:23 Bodkin Arrow
28:11 Stone Mining
28:13 Gold Mining
29:33 Wheelbarrow
32:38 Scale Barding Armor
32:44 Forging
36:08 Iron Casting
38:34 Chain Barding Armor
43:13 Imperial Age
41:50 Bloodlines
41:41 Husbandry
42:54 Hand Cart
44:31 Conscription
43:50 Elite Jarl
45:07 Stone Shaft Mining
45:47 Plate Barding Armor
46:41 Blast Furnace
maurodcdc89
10:31 Feudal Age
15:33 Castle Age
13:58 Double-Bit Axe
15:44 Horse Collar
19:44 Heavy Plow
19:38 Gold Mining
19:48 Fletching
21:58 Wheelbarrow
22:01 Padded Archer Armor
24:03 Hand Cart
29:16 Imperial Age
26:59 Stone Mining
27:44 Gold Shaft Mining
27:27 Bow Saw
30:12 Elite Mangudai
32:37 Bodkin Arrow
32:57 Leather Archer Armor
37:03 Bracer
39:45 Ballistics
40:26 Chemistry
erick_s_v
7:34 Loom
11:16 Feudal Age
12:28 Double-Bit Axe
13:11 Gold Mining
20:44 Scale Barding Armor
20:30 Horse Collar
21:44 Forging
25:09 Castle Age
27:04 Wheelbarrow
26:37 Heavy Plow
28:00 Iron Casting
27:56 Chain Barding Armor
30:03 Husbandry
29:23 Light Cavalry
35:09 Bow Saw
35:58 Murder Holes
36:24 Ballistics
36:16 Fortified Wall
37:52 Elite Skirmisher
Tenamaxtli
9:29 Feudal Age
9:50 Feudal Age
8:46 Loom
14:04 Castle Age
12:40 Double-Bit Axe
14:06 Arson
14:38 Scale Mail Armor
18:12 Chain Mail Armor
21:50 Forging
21:29 Gambesons
24:40 Horse Collar
27:52 Iron Casting
27:58 Wheelbarrow
40:46 Imperial Age
39:33 Fletching
39:44 Padded Archer Armor
40:25 Bodkin Arrow
40:54 Bloodlines
40:45 Husbandry
41:52 Bracer
42:25 Conscription
42:54 Ballistics
43:42 Chemistry
43:23 Cranequins
Carlos
11:00 Feudal Age
15:57 Castle Age
16:29 Double-Bit Axe
18:53 Bow Saw
18:41 Elite Skirmisher
20:37 Crossbowman
22:45 Wheelbarrow
29:08 Fletching
29:19 Padded Archer Armor
35:33 Loom
36:04 Hand Cart
36:41 Bodkin Arrow
39:25 Leather Archer Armor
39:36 Horse Collar
Connection lost

Rejoining the realm…

Still unreachable

The connection could not be restored.

Session expired

The server has moved on; the page needs a fresh start.